[Event "Polugaevsky Memorial 2018"]
[Site "Samara"]
[Date "2018.07.10"]
[Round "2"]
[White "Frolyanov, Dmitry"]
[Black "Natacheev Peter"]
[Result "1-0"]
[ECO "C96"]
[WhiteElo "2540"]
[BlackElo "2227"]
[Annotator "ChessBase"]
[PlyCount "101"]
[EventDate "2018.07.10"]
[EventType "swiss"]
[EventCountry "RUS"]
[SourceTitle "playchess.com"]
[Source "ChessBase"]
[SourceQuality "1"]
[TimeControl "40/5400+30:1800+30"]

1. e4 e5 2. Nf3 Nc6 3. Bb5 a6 4. Ba4 Nf6 5. O-O Be7 6. Re1 b5 7. Bb3 O-O 8. c3 d6 9. h3 Na5 10. Bc2 c5 11. d4 Qc7 12. Nbd2 cxd4 13. cxd4 Bd7 14. Nf1 Rfc8 15. Bd3 Nc6 16. Be3 Nb4 17. Rc1 Qb7 18. Bb1 Nc6 19. Qe2 Bd8 20. Rcd1 Ba5 21. N1d2 Bb6 22. Nb3 Qa7 23. Rd2 a5 24. Red1 a4 25. Na1 Rc7 26. dxe5 dxe5 27. Nc2 Rac8 28. Bxb6 Qxb6 29. Ne3 Re8 30. Rd6 Rb7 31. Nd5 Nxd5 32. R1xd5 Be6 33. Qc2 Rc7 34. Rc5 Bc4 35. Rxe5 Rec8 36. Qd2 f6 37. Rf5 Qb8 38. e5 fxe5 39. Rh5 h6 40. Nxe5 Nxe5 41. Rxe5 Rd7 42. Rxd7 Qxe5 43. Bg6 Qf6 44. Rd6 Qe7 45. a3 Rf8 46. g3 Qe5 47. h4 Qe7 48. h5 Qe5 49. Rd8 Qf6 50. Rxf8+ Kxf8 51. Qd7 1-0

[Event "Polugaevsky Memorial 2018"]
[Site "Samara"]
[Date "2018.07.10"]
[Round "2"]
[White "Gaifullin, Artur"]
[Black "Karpeshov Dmitry"]
[Result "1-0"]
[ECO "D12"]
[WhiteElo "2448"]
[BlackElo "2160"]
[Annotator "ChessBase"]
[PlyCount "61"]
[EventDate "2018.07.10"]
[EventType "swiss"]
[EventCountry "RUS"]
[SourceTitle "playchess.com"]
[Source "ChessBase"]
[SourceQuality "1"]
[TimeControl "40/5400+30:1800+30"]

1. Nf3 Nf6 2. d4 d5 3. c4 c6 4. e3 Bf5 5. cxd5 cxd5 6. Nc3 e6 7. Ne5 Be7 8. g4 Be4 9. f3 Bg6 10. h4 Nxg4 11. Bb5+ Kf8 12. fxg4 Bxh4+ 13. Kd2 a6 14. Nxg6+ hxg6 15. Bd3 b5 16. Qf3 Kg8 17. Ke2 b4 18. Na4 Nc6 19. Bd2 e5 20. Raf1 Ra7 21. dxe5 Nxe5 22. Qf4 Qe8 23. Nc5 a5 24. g5 Qe7 25. Rxh4 Rxh4 26. Qxh4 Qxc5 27. Rc1 Qf8 28. Rh1 f5 29. gxf6 Nxd3 30. f7+ Rxf7 31. Qh7# 1-0

[Event "Polugaevsky Memorial 2018"]
[Site "Samara"]
[Date "2018.07.10"]
[Round "2"]
[White "Shinkevich Vitaly"]
[Black "Pogorelskikh Sergey"]
[Result "1-0"]
[ECO "D76"]
[WhiteElo "2432"]
[BlackElo "2144"]
[Annotator "ChessBase"]
[PlyCount "63"]
[EventDate "2018.07.10"]
[EventType "swiss"]
[EventCountry "RUS"]
[SourceTitle "playchess.com"]
[Source "ChessBase"]
[SourceQuality "1"]
[TimeControl "40/5400+30:1800+30"]

1. d4 Nf6 2. Nf3 g6 3. c4 Bg7 4. g3 d5 5. cxd5 Nxd5 6. Bg2 Nb6 7. O-O Nc6 8. e3 O-O 9. Nc3 Re8 10. d5 Na5 11. e4 c6 12. Re1 cxd5 13. exd5 Nac4 14. a4 Bg4 15. h3 Bxf3 16. Qxf3 Rc8 17. a5 Nd7 18. a6 bxa6 19. Rxa6 Nc5 20. Rxa7 Ne5 21. Qe2 Ned3 22. Rd1 Bd4 23. Be3 Bxe3 24. fxe3 Qb6 25. Ra2 Nb4 26. Ra3 Qd6 27. Rd4 Rb8 28. Nb5 Rxb5 29. Qxb5 Rb8 30. Qc4 Qxg3 31. Qxc5 Nd3 32. Rdxd3 1-0

[Event "Polugaevsky Memorial 2018"]
[Site "Samara"]
[Date "2018.07.10"]
[Round "2"]
[White "Dubinin Alexander"]
[Black "Drygalov, Andrey"]
[Result "0-1"]
[ECO "B74"]
[WhiteElo "2060"]
[BlackElo "2439"]
[Annotator "NA"]
[PlyCount "80"]
[EventDate "2018.07.10"]
[EventType "swiss"]
[EventCountry "RUS"]
[SourceTitle "playchess.com"]
[Source "ChessBase"]
[SourceQuality "1"]
[TimeControl "40/5400+30:1800+30"]

1. e4 c5 2. Nf3 d6 3. d4 cxd4 4. Nxd4 Nf6 5. Nc3 a6 6. Nb3 g6 7. Be3 Bg7 8. Be2 Nc6 9. O-O O-O 10. a4 Be6 11. f4 Rc8 {[%emt 0:07:40] B74: Sizilianisch (Drachen-Variante)} 12. Bf3 {[%emt 0:03:32] LiveBook: 5 Games} Nb4 (12... Nd7 13. Qe1 Bxb3 14. cxb3 Bd4 15. Bxd4 Nxd4 16. Rd1 Qb6 17. Kh1 e6 18. Qh4 Nxf3 19. Rxf3 Qxb3 {0-1 (33) Pershin,D (2353)-Paravyan,D (2551) St Petersburg 2017}) 13. Rf2 Qc7 $146 (13... Bxb3 $5 14. cxb3 h5 $14) ({Vorgänger:} 13... Nd7 14. Nd4 Bc4 15. Rc1 e5 16. fxe5 dxe5 17. Nb3 Qe7 18. Rd2 Rfd8 19. Bg4 {0-1 (30) Zhang,J (1811)-Gonzalez Acosta,B (2423) San Jose 2010}) 14. Rd2 (14. a5 $16) 14... Bc4 (14... Nd7 $11) 15. a5 Bxb3 (15... Nd7 $11) 16. cxb3 Nc6 17. Bb6 Qb8 18. Nd5 Nd7 19. Be3 Rfe8 20. Nb6 Nxb6 21. Bxb6 Bf8 22. Ra4 e6 23. Rc4 Be7 24. Rd3 Na7 $14 (24... Bd8 $11) 25. Bg4 Nb5 26. f5 Bd8 27. Bxd8 Rcxd8 28. f6 d5 29. exd5 exd5 30. Rxd5 Qa7+ 31. Rcc5 h5 32. Bf3 Qxc5+ 33. Rxc5 Rxd1+ 34. Bxd1 Re1+ 35. Kf2 Rxd1 36. Rc8+ Kh7 37. Rb8 Rd7 38. h4 Nd4 39. Ke3 Nc6 40. Re8 Rd6 {[%emt 0:00:00] Kd4} 0-1

[Event "Polugaevsky Memorial 2018"]
[Site "Samara"]
[Date "2018.07.10"]
[Round "2"]
[White "Fedorov, Alexey A"]
[Black "Dmitriev Igor"]
[Result "1-0"]
[ECO "A34"]
[WhiteElo "1399"]
[BlackElo "2231"]
[Annotator "NA"]
[PlyCount "121"]
[EventDate "2018.07.10"]
[EventType "swiss"]
[EventCountry "RUS"]
[SourceTitle "playchess.com"]
[Source "ChessBase"]
[SourceQuality "1"]
[TimeControl "40/5400+30:1800+30"]

1. c4 c5 2. g3 Nf6 3. Bg2 e6 4. Nf3 a6 5. Nc3 Nc6 6. O-O {[%emt 0:01:40] A34: Symmetrical English: 2 Nc3, lines with ...d5} Qc7 7. d4 cxd4 8. Nxd4 Ne5 (8... Be7 9. Be3 Ng4 10. Bf4 e5 11. Nd5 Qd8 12. Nxc6 dxc6 13. Nxe7 Qxe7 {0-1 (35) Buhmann,R (2609)-Lubbe,N (2500) Karlsruhe 2017}) 9. Bg5 Be7 10. Rc1 d6 11. b3 $146 ({Predecessor:} 11. Bxf6 Bxf6 12. c5 dxc5 13. Ne4 Nd7 14. Nxf6+ gxf6 15. Nb3 Rb8 16. Nxc5 Nxc5 {1-0 (32) Mulyar,M (2408)-Ragolta Franco,E (2167) Dallas 2016}) 11... O-O 12. h3 Re8 13. e4 Ng6 14. Qd2 Bd7 15. Be3 Rad8 16. a4 Bf8 17. Nde2 Bc8 18. f4 Nd7 19. Kh2 Nc5 20. Rb1 b6 21. f5 Ne5 22. f6 Bb7 23. fxg7 Bxg7 24. Nf4 f6 25. Nh5 Qf7 26. Qe2 Qg6 27. Nf4 Qf7 28. Rf2 Kh8 29. Qc2 Rg8 30. Nce2 $11 Rc8 31. Nd4 Rge8 32. Rd1 Bh6 33. Bc1 Bf8 34. Bb2 Bh6 35. Bc1 Bf8 36. Re1 Bh6 37. Rd1 Bf8 38. Rff1 Bg7 39. Qe2 Rc7 40. Bb2 Bc8 41. g4 Rf8 42. Nh5 Qg6 43. Bc1 Bh6 44. Bxh6 Qxh6 45. Rf2 Rcf7 46. Kg1 Qg5 47. Nf3 Nxf3+ 48. Qxf3 Qe5 49. Qg3 Qxg3 50. Nxg3 Nxb3 51. Rxd6 Nc5 52. e5 f5 53. Bc6 Re7 54. Kh2 Bd7 55. gxf5 Bxc6 56. Rxc6 exf5 57. Rxf5 Rfe8 58. a5 Nd7 59. axb6 Nxe5 60. Rxe5 Rxe5 61. b7 1-0